 Dungeon Crawl Stone Soup version 0.32-a0-131-g9dbbe29261 (webtiles) character file.

Game seed: 5425416986590434027

2682 Newt the Protected (level 9, -3/117 HPs)
             Began as a Barachi Fighter on Feb 8, 2024.
             Was an Elder of Okawaru.
             Killed from afar by a gargoyle (26 damage)
             ... with a stone arrow
             ... on level 6 of the Dungeon.
             The game lasted 00:07:35 (5835 turns).

Newt the Protected (Barachi Fighter)                Turns: 5835, Time: 00:07:36

Health: -3/117     AC: 24    Str: 21    XL:     9   Next: 64%
Magic:  9/9        EV:  2    Int:  9    God:    Okawaru [****..]
Gold:   356        SH:  0    Dex: 18    Spells: 8/8 levels left

rFire   . . .        h - +4 dire flail (holy)
rCold   . . .        (shield currently unavailable)
rNeg    . . .        d - melded +0 chain mail {rC+}
rPois   +            q - melded +0 helmet
rElec   .            G - melded scarf {rC+ rF+}
rCorr   .            (gloves currently unavailable)
SInv    .            (boots currently unavailable)
Will    .....        (no amulet)
Stlth   ++           p - +6 ring of dexterity
HPRegen 0.39/turn    (no ring)
MPRegen 0.11/turn

%: no passive effects
@: tree-form
A: stationary, stasis, torment immunity, boosted hp, (amphibious), (slowness 1),
(strong legs 1), +LOS
a: Renounce Religion, Heroism, Finesse


You were on level 6 of the Dungeon.
You worshipped Okawaru.
Okawaru was greatly pleased with you.
You were a tree.
You visited 1 branch of the dungeon, and saw 6 of its levels.
You also visited: Sewer.

You collected 356 gold pieces.

Inventory:

Hand Weapons
 a - a +0 long sword
 h - a +4 dire flail of holy wrath (weapon)
 j - a +2 whip of electrocution
 y - a +1 flail of draining
Missiles
 i - 3 curare-tipped darts
 k - 14 poisoned darts
 F - 2 boomerangs
Armour
 b - a +0 scale mail
 c - a +0 buckler
 d - a +0 chain mail of cold resistance (melded)
 q - a +0 helmet (melded)
 E - a +0 cloak
 G - a scarf of resistance (melded)
Jewellery
 p - a +6 ring of dexterity (left branch)
Wands
 H - a wand of roots (6)
 I - a wand of mindburst (8)
Scrolls
 e - a scroll of vulnerability
 g - 3 scrolls of noise
 l - 4 scrolls of teleportation
 v - a scroll of immolation {unknown}
 A - 2 scrolls of blinking {unknown}
 C - a scroll of fog {unknown}
 D - a scroll of amnesia {unknown}
Potions
 f - 2 potions of curing {unknown}
 n - 3 potions of heal wounds {unknown}
 o - a potion of haste
 r - 2 potions of mutation {unknown}
 s - a potion of invisibility {unknown}
 t - 2 potions of ambrosia {unknown}
 u - a potion of berserk rage
 w - a potion of cancellation {unknown}
 x - a potion of might
 z - 3 potions of enlightenment
 B - 4 potions of attraction {unknown}


   Skills:
 + Level 9.7 Fighting
 - Level 3.4 Long Blades
 - Level 7.1 Maces & Flails
 * Level 10.0 Armour
 - Level 3.2 Shields


You had 8 spell levels left.
You didn't know any spells.
Your spell library contained the following spells:

 Spells                   Type           Power      Damage    Failure   Level
 Magic Dart               Conj           0%         1d3       38%         1
 Cigotuvi's Dreadful Rot  Necr/Alch/Air  0%         N/A       52%         2
 Lesser Beckoning         Tloc           0%         N/A       52%         2
 Searing Ray              Conj           0%         2d4       52%         2
 Gell's Gravitas          Tloc           0%         N/A       77%         3
 Teleport Other           Tloc           0%         N/A       77%         3
 Fulminant Prism          Conj/Alch      0%         3d5       99%         4
 Ignite Poison            Fire/Alch      0%         N/A       99%         4
 Freezing Cloud           Conj/Ice/Air   0%         6-21      100%        5


Dungeon Overview and Level Annotations

Branches:
Dungeon (6/15)             Temple (0/1) D:6           Sewer (visited)

Altars:
Cheibriados
Makhleb
Okawaru
Trog
Uskayaw
Xom

Shops:
D:1 (


Innate Abilities, Weirdness & Mutations

You are a tree.
Your roots penetrate the ground, keeping you stationary.
You cannot be teleported.
You are immune to unholy pain and torment.
Your maximum health is greatly increased.
Your equipment is partially melded.
((You are amphibious.))
((You cover ground slowly.))
((You can hop short distances.))
You have an extended range of vision and can be seen from far away.


Message History

The jelly hits you.
You are splashed with acid!
You hit the jelly.
You kill the jelly!
Okawaru accepts your kill.
Hit: h) +4 dire flail (holy)
Press: ? - help, Dir - move target, f - gargoyle
Aim: a gargoyle, wielding a +0 flail (about 21% to evade your +4 dire flail of holy wrath)
Okay, then.
Unknown command.
You thump the gargoyle!
The gargoyle is moderately damaged.
The gargoyle hits you but does no damage.
You hit the gargoyle but do no damage.
The gargoyle is moderately damaged.
The gargoyle hits you with a +0 flail!
You hit the gargoyle but do no damage.
The gargoyle is moderately damaged.
The gargoyle hurls a stone arrow at you.
The stone arrow hits you!
You puncture the gargoyle!
The gargoyle is severely damaged.
The gargoyle hits you but does no damage.
You hit the gargoyle but do no damage.
The gargoyle is severely damaged.
The gargoyle hurls a stone arrow at you.
The stone arrow hits you!
You hit the gargoyle but do no damage.
The gargoyle is severely damaged.
The gargoyle hits you with a +0 flail!
* * * LOW HITPOINT WARNING * * *
Unknown command.
You turn into a tree.
Your scarf of resistance melds into your body.
Your +0 helmet melds into your body.
Your +0 chain mail of cold resistance melds into your body.
You feel hot and cold all over.
You feel less resistant to cold.
Your roots penetrate the ground.
The gargoyle hurls a stone arrow at you.
The stone arrow hits you!!
You die...

.# ####### ##...## #...
## ##....#####.....##
##... ##
#.####.#9$#..<...##
##.... .######.#
#.#??###....)####.....
......#.#
#.###..#.....'........
.####.#.####.###
#.....####...#. ##
##.##..#.##.. #....##
##.##. #
#..##..#.##.9###...##
####. #.####†#.#
#♣.#..## #.
#.'....#.####..#'## #.
###.ßß.##....###.# #.
#.ßß.####### #.# #.
#....# ##.## #. ######
###...###########.
#.................
######.#...##.#########
#....#.##.###.#


You could see a gargoyle.

Vanquished Creatures
  Prince Ribbit (D:5)
  Sigmund (D:4)
  Eustachio (D:5)
  Edmund (D:4)
  A water moccasin (D:4)
  An orc warrior (D:6)
  An ice beast (D:6)
  2 centaurs
  2 ogres
  A phantom (D:5)
  A brain worm (Sewer)
  3 bullfrogs
  4 scorpions
  2 howler monkeys (D:5)
  2 hounds (D:5)
  An orc priest (D:6)
  Crazy Yiuf (D:5)
  A jelly (D:6)
  6 iguanas
  7 orc wizards
  11 adders
  4 river rats (Sewer)
  A shadow imp (D:5)
  3 ufetubi (D:5)
  5 dart slugs
  4 ribbon worms
  28 orcs
  12 ball pythons
  12 endoplasms
  7 giant cockroaches
  10 goblins
  6 hobgoblins
  6 jackals
  6 kobolds
  6 quokkas
  15 bats
  5 frilled lizards
  8 rats
189 creatures vanquished.

Notes
Turn   | Place    | Note
-------+----------+-------------------------------------------
     0 | D:1      | Newt the Barachi Fighter began the quest for the Orb.
     0 | D:1      | Reached XP level 1. HP: 18/18 MP: 1/1
   164 | D:1      | Reached XP level 2. HP: 25/25 MP: 2/2
   534 | D:1      | Found Uxiackoi's Weapon Shop.
   670 | D:1      | Reached XP level 3. HP: 24/30 MP: 3/3
   679 | D:1      | Reached skill level 1 in Maces & Flails
   991 | D:2      | Reached XP level 4. HP: 38/38 MP: 4/4
  1698 | D:3      | Found an iron altar of Okawaru.
  1714 | D:3      | Reached XP level 5. HP: 42/43 MP: 5/5
  1719 | D:3      | Became a worshipper of Warmaster Okawaru
  2133 | D:4      | Noticed Edmund
  2150 | D:4      | Killed Edmund
  2150 | D:4      | Reached * piety under Okawaru
  2151 | D:4      | Reached skill level 5 in Fighting
  2151 | D:4      | Reached XP level 6. HP: 18/51 MP: 6/6
  2283 | D:4      | Noticed Sigmund
  2293 | D:4      | Killed Sigmund
  2294 | D:4      | Reached skill level 5 in Maces & Flails
  2379 | D:4      | Reached XP level 7. HP: 35/58 MP: 7/7
  2702 | D:4      | Reached ** piety under Okawaru
  2722 | D:4      | Found a glowing drain.
  2732 | Sewer    | Entered a sewer
  3352 | D:4      | Found a snail-covered altar of Cheibriados.
  3436 | D:4      | Reached skill level 4 in Armour
  3436 | D:4      | Reached XP level 8. HP: 25/67 MP: 8/8
  3620 | D:4      | Reached skill level 5 in Armour
  3910 | D:5      | Entered Level 5 of the Dungeon
  3965 | D:5      | Noticed Eustachio
  3984 | D:5      | Killed Eustachio
  3984 | D:5      | Reached *** piety under Okawaru
  3985 | D:5      | Reached skill level 6 in Armour
  4283 | D:5      | Reached skill level 7 in Armour
  4369 | D:5      | Reached XP level 9. HP: 47/75 MP: 9/9
  4466 | D:5      | Reached skill level 8 in Armour
  4647 | D:5      | Found a runed translucent door.
  4648 | D:5      | Noticed Crazy Yiuf
  4730 | D:5      | Noticed Prince Ribbit
  4737 | D:5      | Killed Prince Ribbit
  4917 | D:5      | Killed Crazy Yiuf
  5112 | D:6      | Found a staircase to the Ecumenical Temple.
  5167 | D:6      | Reached skill level 9 in Armour
  5374 | D:6      | Reached **** piety under Okawaru
  5575 | D:6      | Found a hide-covered altar of Uskayaw.
  5589 | D:6      | Found a shimmering altar of Xom.
  5590 | D:6      | Found a bloodstained altar of Trog.
  5665 | D:6      | Found a burning altar of Makhleb.
  5799 | D:6      | Noticed a gargoyle
  5822 | D:6      | Reached skill level 10 in Armour
  5835 | D:6      | Killed from afar by a gargoyle

Illustrated notes

Levels and vault maps discovered:
D:1:      elethiomel_arrival_shortcut, layout_loops_corners, serial_shops, shop,
          minmay_close_crescents
D:2:      layout_basic
D:3:      layout_rooms, mainiacjoe_overflow_boulevard, minmay_strange_pillars
D:4:      layout_basic, mainiacjoe_overflow_small_starburst,
          cheibrodos_sewer_entry_drain, uniq_edmund, uniq_sigmund
D:5:      layout_gridville, minmay_quadrilaterals, uniq_crazy_yiuf_cottage,
          uniq_eustachio, uniq_prince_ribbit1
D:6:      minmay_chambers_of_fours, layout_loops_corners,
          nicolae_overflow_quartered_altars, minmay_temple_entry_enclosed_plants

Skill      XL: |  1  2  3  4  5  6  7  8  9 |
---------------+----------------------------+-----
Long Blades    | 3 |  3.4
Fighting       | 4 5 6 7 8 9 |  9.7
Maces & Flails | 2 3 4 5 7 |  7.1
Armour         | 4 7 10 | 10.0
Shields        | |  3.2

Action                     |  1- 3 |  4- 6 |  7- 9 || total
---------------------------+-------+-------+-------++-------
  Melee: Long sword        |    52 |       |       ||    52
         Whip              |    49 |   141 |       ||   190
         Dire flail        |       |     5 |   306 ||   311
  Throw: Dart              |       |       |     3 ||     3
Ability: Hop               |     1 |       |     2 ||     3
    Use: Scroll            |       |     6 |     2 ||     8
         Potion            |       |     3 |     1 ||     4
 Armour: Scale mail        |    58 |    66 |       ||   124
         Chain mail        |       |    10 |   267 ||   277
         Skin              |       |       |     1 ||     1
  Dodge: Dodged            |    54 |    60 |   119 ||   233
  Block: Buckler           |    25 |    23 |       ||    48

Table legend: (Time is in decaauts)
 A = Elapsed time spent in this place.
 B = Non-inter-level travel time spent in this place.
 C = Inter-level travel time spent in this place.
 D = Time resting spent in this place.
 E = Time spent auto-exploring this place.
 F = Levels seen in this place.
 G = Mean time per level.
                   A        B        C        D        E       F      G
               +--------+--------+--------+--------+--------+-----+--------+
         Total |   6558 |   6339 |    219 |    822 |   4204 |   7 |  936.9 |
       Dungeon |   5931 |   5712 |    219 |    668 |   3891 |   6 |  988.5 |
         Sewer |    626 |    626 |      0 |    154 |    313 |   1 |  626.0 |
               +--------+--------+--------+--------+--------+-----+--------+

Top non-repeatable levels by time:
     D:5: 1223 daAuts
     D:1: 1120 daAuts
     D:4: 1089 daAuts
     D:6: 915 daAuts
     D:2: 828 daAuts
     D:3: 753 daAuts
   Sewer: 626 daAuts
